 Dungeon Crawl Stone Soup version 0.31-a0-150-g89dc3ad700 (webtiles) character file.

Game seed: 16406325467377537771

28 qw the Shooter (level 3, -3/21 HPs)
             Began as a Gargoyle Hunter on June 8, 2023.
             Slain by a gnoll
             ... wielding a +0 flail
              (5 damage)
             ... on level 2 of the Dungeon.
             The game lasted 00:00:18 (1019 turns).

qw the Shooter (Gargoyle Hunter)                    Turns: 1019, Time: 00:00:19

Health: -3/21      AC:  9    Str: 14    XL:     3   Next: 12%
Magic:  3/3        EV: 10    Int:  9    God:
Gold:   70         SH:  0    Dex: 15    Spells: 2/2 levels left

rFire   . . .        Y - +0 shortbow
rCold   . . .        (shield currently unavailable)
rNeg    + . .        i - +0 ring mail
rPois   inf          (no helmet)
rElec   +            e - +0 cloak
rCorr   .            (no gloves)
SInv    .            (no boots)
Will    .....        (no amulet)
Stlth   +            (no ring)
HPRegen 0.23/turn    (no ring)
MPRegen 0.08/turn

%: no passive effects
@: about to teleport
A: sickness immunity, AC +3, negative energy resistance 1, electricity
resistance, torment resistance 1, petrification resistance
a: no special abilities


You were on level 2 of the Dungeon.
You visited 1 branch of the dungeon, and saw 2 of its levels.

You collected 70 gold pieces.


Innate Abilities, Weirdness & Mutations

You are immune to sickness and miasma.
Your stone body is resilient. (AC +3)
You are immune to poison.
You resist negative energy. (rN+)
You are resistant to electric shocks. (rElec)
You are resistant to unholy torment.
You are immune to petrification.


   Skills:
 - Level 2.1 Fighting
 + Level 4.8 Ranged Weapons
 - Level 1.0 Armour
 - Level 1.5 Dodging
 - Level 1.1 Stealth


You had 2 spell levels left.
You didn't know any spells.
Your spell library was empty.

Inventory:

Hand Weapons
 Y - a +0 shortbow (weapon)
Armour
 e - a +0 cloak (worn)
 i - a +0 ring mail (worn)
Jewellery
 c - an amulet of guardian spirit
Scrolls
 a - a scroll of teleportation
Potions
 b - 2 potions of brilliance {unknown}
 h - a potion of haste {unknown}
 j - a potion of berserk rage {unknown}
 k - a potion of curing {unknown}

Dungeon Overview and Level Annotations

Branches:
Dungeon (2/15)

Altars:


Message History

You shoot an arrow. The arrow hits the frilled lizard.
You kill the frilled lizard!
You see here a frilled lizard corpse.
Found a stone staircase leading down.
a - 2 scrolls of teleportation (gained 1)
You now have 70 gold pieces (gained 18).
Found 6 stones.
Enter note:
Found a ring mail.
Enter note:
c - an amulet of guardian spirit
Enter note: 4 gnolls come into view.
The gnoll shouts! x4
Enter note: You shoot an arrow.
The arrow barely misses the gnoll. x2
The arrow hits the gnoll but does no damage.
You shoot an arrow. The arrow barely misses the gnoll.
The arrow hits the gnoll.
The gnoll is lightly wounded.
The gnoll closely misses you.
A dart slug comes into view.
The gnoll barely misses you.
You shoot an arrow. The arrow barely misses the gnoll.
The gnoll completely misses you. The gnoll hits you but does no damage.
You shoot an arrow. The arrow barely misses the gnoll.
The arrow hits the gnoll!
The gnoll is heavily wounded.
The gnoll closely misses you.
You shoot an arrow. The arrow closely misses the gnoll.
The gnoll closely misses you. The gnoll hits you with a +0 flail!
The gnoll hits you but does no damage. The gnoll barely misses you.
The gnoll closely misses you. The gnoll hits you with a +0 flail.
You shoot an arrow. The arrow hits the gnoll.
The gnoll is moderately wounded.
The gnoll barely misses you. The gnoll closely misses you.
The gnoll hits you with a +0 whip.
1019 ||| READING 2 scrolls of teleportation.
As you read the scroll of teleportation, it crumbles to dust.
You feel strangely unstable. The gnoll hits you with a +0 club.
The gnoll hits you with a +0 flail.
You die...

#...# ###.(.###
#.......###########
#.................###
#.......#########....
###...### ##### #...#
##.##### #### #@g...#
.... ......gg###.#
#### ......[gw
#.#####.## ###### #.#
#..... #.#
.#.####.#### #.#
............ #.#
##.#####.### #.# #


You could see 4 gnolls and a dart slug.

Vanquished Creatures
  2 worms (D:2)
  3 bats (D:1)
  An endoplasm (D:1)
  A giant cockroach (D:1)
  2 goblins (D:1)
  4 hobgoblins
  A kobold (D:1)
  A quokka (D:1)
  A ball python (D:1)
  2 frilled lizards
  A rat (D:1)
  A spectral hobgoblin (D:1)
20 creatures vanquished.

Notes
Turn   | Place    | Note
-------+----------+-------------------------------------------
     0 | D:1      | qw the Gargoyle Hunter began the quest for the Orb.
     0 | D:1      | Reached XP level 1. HP: 12/12 MP: 1/1
     0 | D:1      | 0 ||| qw: Version: 0.2-a-119-g7aa9181
     0 | D:1      | 0 ||| qw: Game counter: 2876
     0 | D:1      | 0 ||| qw: Always use a shield: true
     0 | D:1      | 0 ||| qw: God list: Okawaru
     0 | D:1      | 0 ||| qw: Allow faded altars: false
     0 | D:1      | 0 ||| qw: Do Orc after D:15 true
     0 | D:1      | 0 ||| qw: Do second Lair branch before Depths: true
     0 | D:1      | 0 ||| qw: Lair rune preference: random
     0 | D:1      | 0 ||| qw: Plans: Normal
     0 | D:1      | 0 ||| PLANNING D:1-11
   289 | D:1      | Reached XP level 2. HP: 17/17 MP: 2/2
   459 | D:1      | Found a faded altar of an unknown god.
   460 | D:1      | 460 ||| Stepping ~*~*~tactically~*~*~ (water).
   462 | D:1      | 462 ||| Stepping ~*~*~tactically~*~*~ (water).
   758 | D:1      | 758 ||| UPGRADING to +0 cloak.
   763 | D:1      | 763 ||| UPGRADING to +0 ring mail.
   773 | D:1      | 773 ||| DROPPING +0 leather armour.
   774 | D:1      | 774 ||| READING 2 scrolls labelled SIACWO XIEDO.
   778 | D:1      | 778 ||| READING scroll labelled SUKHLUZE ISAFI.
   779 | D:1      | 779 ||| READING scroll labelled CAIZEDDAPSI.
   780 | D:1      | 780 ||| DROPPING scroll of butterflies.
   860 | D:2      | Reached skill level 1 in Armour
   860 | D:2      | Reached XP level 3. HP: 21/21 MP: 3/3
  1018 | D:2      | HP: 4/21 [gnoll/+0 whip (3)]
  1019 | D:2      | 1019 ||| READING 2 scrolls of teleportation.
  1019 | D:2      | Slain by a gnoll

Levels and vault maps discovered:
D:1:      wander_arrival_estate, layout_basic,
          dreamdust_ecumenical_altar_drowned_temple, serial_bayou_pond_e,
          st_stairs_4
D:2:      cheibrodos_pilgrimage, layout_loops_ring

Skill      XL: |  1  2 |
---------------+-------+-----
Armour         | 1 |  1.0
Fighting       | |  2.1
Ranged Weapons | |  4.8
Dodging        | |  1.5
Stealth        | |  1.1

Action                     || total
---------------------------++-------
   Fire: Shortbow          ||    63
    Use: Scroll            ||     4
 Armour: Leather armour    ||     2
         Ring mail         ||     4
  Dodge: Dodged            ||    17

Table legend:
 A = Non-vault XP
 B = Vault XP
 C = Vault XP percentage of total XP
 D = Non-vault monster count
 E = Vault monster count
 F = Vault count percentage of total count
                 A         B        C        D         E       F
            +---------+---------+-------+---------+---------+-------
      Total |      37 |       3 |   7.5 |      18 |       2 |  10.0
            +---------+---------+-------+---------+---------+-------
        D:1 |      22 |       3 |  12.0 |      13 |       2 |  13.3
        D:2 |      15 |       0 |   0.0 |       5 |       0 |   0.0
            +---------+---------+-------+---------+---------+-------
